 Dungeon Crawl Stone Soup version 0.17.0-28-g6e173f8 (webtiles) character file.

144 root the Skirmisher (level 5, -2/47 HPs)
             Began as a Minotaur Fighter on Nov 30, 2015.
             Killed from afar by an orc wizard (4 damage)
             ... with a magic dart
             ... on level 3 of the Dungeon.
             The game lasted 00:07:14 (1769 turns).

root the Skirmisher (Minotaur Fighter)              Turns: 1769, Time: 00:07:15

Health: -2/47      AC:  7    Str: 23    XL:     5   Next: 5%
Magic:  4/4        EV:  8    Int:  6    God:
Gold:   90         SH:  9    Dex:  9    Spells: 0 memorised, 4 levels left

rFire  . . .     SeeInvis .     a - +0 long sword
rCold  . . .     Clarity  .     b - +0 scale mail
rNeg   . . .     SustAt   .     c - +0 shield
rPois  .         Gourm    .     (helmet restricted)
rElec  .         Spirit   .     (no cloak)
rCorr  .         Warding  .     (no gloves)
rMut   .         Stasis   .     (no boots)
MR     .....                    (no amulet)
Stlth  ..........               (no ring)
                                m - +2 ring of strength

@: lethally poisoned (-2 -> -44), not resistant to hostile enchantments,
extremely unstealthy
A: retaliatory headbutt, horns 2
a: no special abilities


You were on level 3 of the Dungeon.
You were not hungry.

You visited 1 branch of the dungeon, and saw 3 of its levels.

You collected 90 gold pieces.

Inventory:

Hand Weapons
 a - a +0 long sword (weapon)
Armour
 b - a +0 scale mail (worn)
 c - a +0 shield (worn)
 v - a +2 animal skin
Jewellery
 m - a +2 ring of strength (left hand)
 w - an uncursed ring of ice
Scrolls
 g - a scroll of immolation {unknown}
 i - 4 scrolls of identify {unknown}
 j - a scroll of noise {unknown}
 k - a scroll of teleportation {unknown}
 n - a scroll of random uselessness {unknown}
 o - a scroll of enchant armour {unknown}
 t - 2 scrolls of amnesia {unknown}
 u - a scroll of blinking {unknown}
Potions
 d - a potion of might
 f - a potion of agility {unknown}
 h - a potion of cancellation {unknown}
 l - a potion of curing {unknown}
 r - a potion of lignification {unknown}
 s - a potion of brilliance {unknown}
Comestibles
 e - 4 bread rations
 p - 3 meat rations
 q - 6 chunks of flesh


   Skills:
 + Level 4.6 Fighting
 + Level 3.5 Long Blades
 + Level 4.5 Armour
 + Level 2.0 Dodging
 + Level 4.2 Shields


You had 4 spell levels left.
You didn't know any spells.

Dungeon Overview and Level Annotations

Branches:
Dungeon (3/15)

Altars:
Cheibriados


Innate Abilities, Weirdness & Mutations

You reflexively headbutt those who attack you in melee.
You have a pair of horns on your head.


Message History

The orc wizard is heavily wounded.
* * * LOW HITPOINT WARNING * * *
You feel very sick.
The orc wizard hits you but does no damage.
Something hits you but does no damage.
You are more poisoned.
You hit the orc wizard.
The orc wizard is severely wounded.
* * * LOW HITPOINT WARNING * * *
You feel very sick.
The orc wizard casts a spell.
The orc wizard flickers and vanishes!
Something hits you but does no damage.
You are more poisoned.
You miss something.
* * * LOW HITPOINT WARNING * * *
You feel very sick.
You hear some strange, mumbled words.
A magic dart appears from out of thin air!
The magic dart hits you!
You die...

#........#
#........#
+........#
#........
#........
##......#
.......{###
#.....@%.#
+...?..{<#
#.[......#
..........#
###.......#
#.......#
#.#+#####
#. #


There were no monsters in sight!

Vanquished Creatures
  Natasha (thrice) (D:2)
  Robin (D:2)
  3 adders (D:2)
  A worm (D:2)
  A giant gecko (D:1)
  An orc (D:3)
  3 giant cockroaches
  18 goblins
  5 hobgoblins
  6 kobolds
  2 ball pythons
  4 bats (D:2)
  5 giant newts
  7 jackals (D:2)
  10 rats
70 creatures vanquished.

Notes
Turn   | Place    | Note
--------------------------------------------------------------
     0 | D:1      | root the Minotaur Fighter began the quest for the Orb.
     0 | D:1      | Reached XP level 1. HP: 19/19 MP: 0/0
   234 | D:1      | Reached XP level 2. HP: 27/27 MP: 1/1
   731 | D:1      | Reached skill level 4 in Fighting
   903 | D:2      | Reached XP level 3. HP: 28/33 MP: 2/2
   909 | D:2      | Reached skill level 1 in Dodging
  1002 | D:2      | Found a snail-covered altar of Cheibriados.
  1058 | D:2      | Noticed Robin
  1091 | D:2      | Killed Robin
  1091 | D:2      | Reached XP level 4. HP: 27/41 MP: 3/3
  1263 | D:2      | Noticed Natasha
  1298 | D:2      | Killed Natasha
  1564 | D:2      | Noticed Natasha
  1567 | D:2      | Killed Natasha
  1582 | D:2      | Noticed Natasha
  1590 | D:2      | Killed Natasha
  1590 | D:2      | Reached XP level 5. HP: 30/47 MP: 4/4
  1769 | D:3      | HP: 2/47 [poisoned by an orc wizard]
  1769 | D:3      | Killed from afar by an orc wizard

Action                   |  1- 3 |  4- 6 || total
-------------------------+-------+-------++-------
Melee: Long sword        |   108 |    53 ||   161
  Eat: Chunk             |     1 |     2 ||     3
